 Dungeon Crawl Stone Soup version 0.32-a0-938-g40ac7a0f4d (webtiles) character file.

Game seed: 15245154439699923938

75608 Berder the Scorcher (level 15, -3/146 HPs)
             Began as a Naga Fire Elementalist on Apr 16, 2024.
             Was a High Priest of Vehumet.
             Slain by a death yak (19 damage)
             ... on level 4 of the Lair of Beasts.
             The game lasted 01:15:44 (29879 turns).

Berder the Scorcher (Naga Fire Elementalist)       Turns: 29879, Time: 01:15:45

Health: -3/146     AC: 12    Str: 11    XL:     15   Next: 50%
Magic:  15/38      EV: 26    Int: 22    God:    Vehumet [*****.]
Gold:   2001       SH:  0    Dex: 12    Spells: 4/34 levels left

rFire   + + .        c - staff of conjuration
rCold   + + .        (no shield)
rNeg    . . .        Y - +0 leather armour of Pride {rF++ rC+}
rPois   +            P - +1 helmet of Action {rPois Will+}
rElec   .            d - +2 cloak {rF+}
rCorr   .            B - +0 pair of gloves
SInv    +            (no barding)
Will    ++...        F - amulet of the acrobat
Stlth   ++           x - ring of ice
HPRegen 0.44/turn    J - ring of magical power
MPRegen 0.26/turn

%: acrobat, clarity
@: acrobatic, studying Fighting, very slow
A: AC +5, large, see invisible, deformed body, poison resistance, slowness 2,
spit poison 1, naga tail 2, stinger 1, clarity
a: Spit Poison, Renounce Religion


You were on level 4 of the Lair of Beasts.
You worshipped Vehumet.
Vehumet was extremely pleased with you.
You visited 4 branches of the dungeon, and saw 22 of its levels.
You also visited: Ossuary, Bailey and Volcano.

You collected 2813 gold pieces.
You spent 812 gold pieces at shops.

Inventory:

Hand Weapons
 a - a +5 arbalest of flaming
Armour
 d - a +2 cloak of fire resistance (worn)
 y - the +4 ring mail "Cippit" {rN+ Will+}
   (You found it on level 4 of the Dungeon)

   rN+:       It protects you from negative energy.
   Will+:     It increases your willpower.
 B - a +0 pair of gloves (worn)
 P - the +1 helmet of Action (worn) {rPois Will+}
   (You bought it in a shop on level 12 of the Dungeon)

   rPois:     It protects you from poison.
   Will+:     It increases your willpower.
 S - a +0 buckler
 T - +0 steam dragon scales
 Y - the +0 leather armour of Pride (worn) {rF++ rC+}
   (You found it on level 10 of the Dungeon)

   rF++:      It greatly protects you from fire.
   rC+:       It protects you from cold.
Magical Staves
 c - a staff of conjuration (weapon)
 v - a staff of cold
Jewellery
 l - a ring of protection from fire
 o - a +4 ring of protection
 w - a ring of willpower
 x - a ring of ice (left hand)
 E - a ring of ice
 F - an amulet of the acrobat (around neck)
 H - a +5 ring of evasion
 J - a ring of magical power (right hand)
Wands
 q - a wand of digging (5)
 M - a wand of flame (43)
 Q - a wand of warping (8)
 R - a wand of charming (7)
Scrolls
 b - 2 scrolls of immolation
 f - 7 scrolls of enchant weapon
 g - a scroll of poison
 h - a scroll of fog
 i - 2 scrolls of teleportation
 j - 4 scrolls of amnesia
 k - a scroll of blinking
 n - 4 scrolls of identify
 p - a scroll of silence
 s - 4 scrolls of vulnerability
 u - 9 scrolls of enchant armour
 L - 4 scrolls of revelation
 V - a scroll of brand weapon
Potions
 m - 4 potions of might
 r - 3 potions of haste
 t - 7 potions of brilliance
 z - 8 potions of curing
 C - 10 potions of mutation
 D - 4 potions of ambrosia
 I - 5 potions of resistance
 K - a potion of cancellation
 N - 4 potions of invisibility
 O - 2 potions of magic
 W - 4 potions of lignification
 X - 5 potions of enlightenment
Miscellaneous
 G - a box of beasts (inert)


   Skills:
 + Level 12.3 Fighting
 + Level 7.6 Dodging
 - Level 3.0 Stealth
 + Level 2.8 Shields
 - Level 10.0 Spellcasting
 + Level 15.5 Conjurations
 + Level 15.6 Fire Magic


You had 4 spell levels left.
You knew the following spells:

 Your Spells              Type           Power      Damage    Failure   Level
a - Foxfire               Conj/Fire      100%       2x1d9     0%          1
b - Scorch                Fire           100%       2d9       0%          2
c - Flame Wave            Conj/Fire      88%        2d19      1%          4
d - Iskenderun's Mystic   Conj/Tloc      61%        2d13      (+2d71%     4
e - Starburst             Conj/Fire      44%        6d12      1%          6
f - Stone Arrow           Conj/Erth      100%       3d13      1%          3
g - Fireball              Conj/Fire      44%        3d18      1%          5
h - Freezing Cloud        Conj/Ice/Air   33%        6-21      7%          5

Your spell library contained the following spells:

 Spells                   Type           Power      Damage    Failure   Level
 Spellforged Servitor     Conj/Summ      30%        N/A       54%         7
 Sting                    Conj/Alch      100%       1d9       1%          1
 Dazzling Flash           Conj/Hex       100%       N/A       1%          3
 Inner Flame              Hex/Fire       45%        N/A       1%          3
 Volatile Blastmotes      Fire/Tloc      90%        2d17      1%          3
 Brom's Barrelling Bould  Conj/Erth      61%        2d8       1%          4
 Fulminant Prism          Conj/Alch      30%        3d15      1%          4
 Ignite Poison            Fire/Alch      45%        N/A       1%          4
 Sandblast                Erth           22%        2d7       2%          1
 Mercury Vapours          Alch/Air       22%        N/A       3%          2
 Apportation              Tloc           22%        N/A       8%          1
 Necrotise                Necr           44%        1d6       8%          1
 Slow                     Hex            44%        N/A       8%          1
 Summon Small Mammal      Summ           44%        N/A       8%          1
 Cigotuvi's Dreadful Rot  Necr/Alch/Air  22%        N/A       12%         2
 Olgreb's Toxic Radiance  Alch           11%        N/A       21%         4
 Confusing Touch          Hex            11%        N/A       24%         3
 Summon Ice Beast         Ice/Summ       16%        N/A       24%         3
 Tukima's Dance           Hex            11%        N/A       24%         3
 Vampiric Draining        Necr           11%        2d6       24%         3
 Dimensional Bullseye     Hex/Tloc       5%         N/A       61%         4
 Dispel Undead            Necr           11%        3d9       61%         4
 Martyr's Knell           Necr/Summ      11%        N/A       61%         4
 Iskenderun's Battlesphe  Conj           88%        2d14      1%          5
 Orb of Destruction       Conj           44%        9d12      3%          7
 Conjure Ball Lightning   Conj/Air       30%        3x3d10    13%         6
 Summon Mana Viper        Hex/Summ       11%        N/A       91%         5
 Fire Storm               Conj/Fire      44%        8d11      95%         9
 Monstrous Menagerie      Summ           5%         N/A       100%        7
 Maxwell's Capacitive Co  Air            5%         ∞         100%        8
 Chain Lightning          Conj/Air       30%        3d40      100%        9
 Shatter                  Erth           5%         3d8*      100%        9


Dungeon Overview and Level Annotations

Branches:
Dungeon (15/15)            Temple (1/1) D:6            Lair (4/5) D:10
 Shoals (0/4) Lair:2       Spider (0/4) Lair:2          Orc (2/2) D:10
    Elf (0/3) Orc:2        Vaults (0/5) D:13        Ossuary (visited)
 Bailey (visited)         Volcano (visited)
  Slime: Lair:4-5    Depths: D:15

Altars:
Ashenzari
Cheibriados
Dithmenos
Elyvilon
Fedhas
Gozag
Hepliaklqana
Kikubaaqudgha
Nemelex Xobeh
Okawaru
Qazlal
Ru
Sif Muna
Trog
Uskayaw
Vehumet
Wu Jian
Xom
Yredelemnul
Zin
The Shining One

Shops:
D:2 [   D:7 *   D:9 [   D:11 *   D:12 *   Orc:2 (*[=

Annotations:
D:2 Natasha
D:3 exclusion: water moccasin
D:5 4 runed translucent doors
D:10 2 runed translucent doors, rbyellow5's ghost, journeyman OpFi
D:11 3 runed translucent doors, Arkalis's ghost, journeyman CoCK


Innate Abilities, Weirdness & Mutations

Your serpentine skin is tough. (AC +5)
You have supernaturally acute eyesight. (SInv)
Armour fits poorly on your strangely shaped body.
Your system is resistant to poisons. (rPois)
You cover ground very slowly.
You can spit poison.
You can use your snake-like lower body to constrict enemies.
Your tail ends in a venomous barb.
You possess an exceptional clarity of mind.


Message History

Unknown command.
You are engulfed in freezing vapours.
You resist.
* * * LOW HITPOINT WARNING * * *
The death yak is engulfed in freezing vapours.
The death yak gores you!!
* * * LOW HITPOINT WARNING * * *
Snorg is engulfed in freezing vapours.
Unknown command.
You feel better.
You are engulfed in freezing vapours.
You resist.
* * * LOW HITPOINT WARNING * * *
The death yak is engulfed in freezing vapours.
The death yak gores you but does no damage.
You feel better.
You are engulfed in freezing vapours.
You resist.
* * * LOW HITPOINT WARNING * * *
Snorg is engulfed in freezing vapours.
The death yak is engulfed in freezing vapours.
The death yak gores you!
* * * LOW HITPOINT WARNING * * *
Your magical contamination has completely faded away.
Casting: Iskenderun's Mystic Blast (mildly dangerous; 1% risk of failure)
Confirm with . or Enter, or press ? or * to list all spells.
You feel a surge of power!
You erupt in a blast of force!
The mystic blast hits Snorg!
Snorg is almost dead.
Snorg is knocked back by the mystic blast.
Snorg slams into the rock wall!
You kill Snorg!
Vehumet accepts your kill.
You feel your power returning.
The troll leather armour {Snorg} is intact enough to wear.
The mystic blast hits the death yak!!
You kill the death yak!
Vehumet accepts your kill.
You are engulfed in freezing vapours.
You resist.
* * * LOW HITPOINT WARNING * * *
Unknown command.
You are engulfed in freezing vapours.
You resist.
* * * LOW HITPOINT WARNING * * *
The death yak gores you!!
You die...

... ..#.....
.. #......
#.##....#
####.#....
#...#†.†##
#..#....#
##..#<..##
#..#...T###
#.#...#@# #
##.#.[Y## I..
#..#☼..#....#
#[.##☼YY.....
#...#........
#............
##..........#
#......#.I.#
#......#+#+.


You could see a death yak.

Vanquished Creatures
  Louise (D:15)
  An orc warlord (Orc:2)
  An ironbound preserver (D:13)
  Snorg (Lair:4)
  A fire dragon (Volcano)
  An entropy weaver (shapeshifter) (D:15)
  A rakshasa (D:15)
  An ice dragon (D:10)
  3 hydras
  3 boulder beetles
  2 centaur warriors
  5 death yaks
  Erica (D:15)
  2 two-headed ogres
  4 orc high priests (Orc:2)
  A hell knight (D:15)
  A tengu warrior (D:15)
  Urug (D:15)
  6 skeletal warriors
  2 skysharks
  3 orc knights
  2 lindwurms
  An arcanist (D:13)
  A wolf spider (D:15)
  3 deep elf pyromancers
  4 ugly things
  5 orc sorcerers
  3 manticores
  5 cyclopes
  A meliai (D:13)
  3 black mambas
  7 kobold blastminers
  2 molten gargoyles (Volcano)
  6 elephants
  8 cane toads
  2 unseen horrors
  A gargoyle (D:12)
  A rime drake (shapeshifter) (D:14)
  5 komodo dragons
  A rime drake (Lair:3)
  A polar bear (Lair:3)
  2 trolls
  A wolf spider simulacrum (D:15)
  A queen bee (D:10)
  2 jumping spiders (Lair:2)
  2 hornets
  A merfolk (Lair:2)
  A raiju (shapeshifter) (D:13)
  17 blink frogs
  22 slime creatures
  3 culicivoras (Lair:2)
  A shadow (D:11)
  A vampire (D:11)
  A basilisk (Lair:2)
  34 yaks
  A wraith (D:13)
  2 fire bats (Volcano)
  3 wyverns
  A golden eye (shapeshifter) (D:13)
  Menkaure (D:6)
  4 wargs
  4 vampire mosquitoes (D:8)
  2 steam dragons
  4 hell hounds (Volcano)
  17 water moccasins
  An ice beast (D:6)
  2 black bears
  4 sky beasts
  33 orc warriors
  2 laughing skulls (D:13)
  5 ogres
  12 wolves
  5 centaurs
  3 phantoms
  2 kobold brigands
  15 bullfrogs
  A gnoll sergeant (D:5)
  4 scorpions
  5 wights
  3 troll zombies (D:10)
  A burial acolyte (Ossuary)
  24 killer bees
  3 howler monkeys
  4 bombardier beetles
  5 lava snakes (Volcano)
  11 orc priests
  3 hounds (D:5)
  2 gnoll boudas
  2 jellies (D:4)
  5 iguanas
  21 orc wizards
  3 hell rats (D:10)
  5 ogre zombies (D:10)
  A mummy (Ossuary)
  8 gnolls
  9 adders
  3 river rats
  A shadow imp (D:7)
  2 white imps
  6 ufetubi
  2 dart slugs
  A ribbon worm (D:3)
  62 orcs
  5 ball pythons
  7 bats
  6 endoplasms
  5 giant cockroaches
  3 gnoll zombies (D:10)
  6 goblins
  5 hobgoblins
  5 kobolds
  4 quokkas
  A frilled lizard (D:1)
  9 gnoll skeletons
  8 kobold skeletons (Ossuary)
  10 orc skeletons
  15 orc zombies (D:10)
  7 rats
609 creatures vanquished.

Vanquished Creatures (collateral kills)
  An orc warrior (Bailey)
  11 foxfires
12 creatures vanquished.

Vanquished Creatures (others)
  A komodo dragon (D:10)
  1070 foxfires
1071 creatures vanquished.

Grand Total: 1692 creatures vanquished

Notes
Turn   | Place    | Note
-------+----------+-------------------------------------------
     0 | D:1      | Berder the Naga Fire Elementalist began the quest for the
                  | Orb.
     0 | D:1      | Reached XP level 1. HP: 15/15 MP: 3/3
   344 | D:1      | Reached XP level 2. HP: 21/22 MP: 3/5
  1032 | D:2      | Reached XP level 3. HP: 26/28 MP: 3/6
  1038 | D:2      | Learned a level 2 spell: Scorch
  1374 | D:2      | Noticed Natasha
  1743 | D:2      | Found Anomm's Armour Boutique.
  2308 | D:3      | Noticed a water moccasin
  2763 | D:3      | Reached XP level 4. HP: 32/36 MP: 1/7
  3336 | D:4      | Noticed a scorpion
  3337 | D:4      | Reached XP level 5. HP: 42/42 MP: 5/9
  3555 | D:4      | Found a sand-covered staircase.
  3597 | Ossuary  | Entered an ossuary
  3637 | Ossuary  | Reached XP level 6. HP: 49/49 MP: 5/10
  4216 | Ossuary  | Learned a level 4 spell: Flame Wave
  4309 | D:4      | Identified the +4 ring mail "Cippit" {rN+ Will+}
  4354 | D:4      | Reached XP level 7. HP: 45/55 MP: 4/12
  4571 | D:4      | Reached skill level 5 in Conjurations
  4884 | D:4      | Reached skill level 5 in Fire Magic
  4911 | D:4      | Found a shimmering altar of Xom.
  5132 | D:5      | Entered Level 5 of the Dungeon
  5722 | D:5      | Found a basalt altar of Yredelemnul.
  5887 | D:5      | Found a large runed translucent door.
  5887 | D:5      | Found a large runed translucent door.
  5891 | D:5      | Noticed a komodo dragon
  5898 | D:5      | Noticed a troll
  5935 | D:5      | Reached XP level 8. HP: 62/62 MP: 7/15
  6115 | D:5      | Reached skill level 5 in Spellcasting
  6469 | D:5      | Found a large runed translucent door.
  6470 | D:5      | Found a large runed translucent door.
  7408 | D:6      | Reached XP level 9. HP: 61/68 MP: 6/18
  7623 | D:6      | Noticed Menkaure
  7935 | D:6      | Killed Menkaure
  8313 | D:6      | Found a staircase to the Ecumenical Temple.
  8320 | Temple   | Entered the Ecumenical Temple
  8796 | D:6      | Found a broken altar of Ashenzari.
  9094 | D:7      | Learned a level 4 spell: Iskenderun's Mystic Blast
  9112 | D:7      | Found a radiant altar of Vehumet.
  9381 | D:7      | Found Mefirph's Island Escapes.
  9700 | D:7      | Gained mutation: You possess an exceptional clarity of
                  | mind. [potion of mutation]
  9700 | D:7      | Gained mutation: Your tail ends in a venomous barb. [potion
                  | of mutation]
  9723 | D:8      | Found a flagged portal.
  9735 | Bailey   | Entered a bailey
  9890 | Bailey   | Reached XP level 10. HP: 45/75 MP: 19/21
 11162 | D:9      | Found Ebugyqe's Armour Boutique.
 11534 | D:9      | Found a bloodstained altar of Trog.
 11586 | D:7      | Became a worshipper of Vehumet
 11636 | D:9      | Bought a +1 cloak for 184 gold pieces
 11706 | D:9      | Reached XP level 11. HP: 31/81 MP: 13/23
 11711 | D:9      | Reached skill level 10 in Conjurations
 11711 | D:9      | Reached skill level 10 in Fire Magic
 12294 | D:9      | Learned a level 6 spell: Starburst
 12385 | D:10     | Entered Level 10 of the Dungeon
 12385 | D:10     | Found a large runed translucent door.
 12385 | D:10     | Found a large runed translucent door.
 12497 | D:10     | Noticed an ice dragon
 12514 | D:10     | Killed an ice dragon
 12756 | D:10     | Identified the +0 leather armour of Pride {rF++ rC+}
 12933 | D:10     | Reached * piety under Vehumet
 12933 | D:10     | Offered knowledge of Freeze by Vehumet.
 13291 | D:10     | Noticed a skeletal warrior
 13331 | D:10     | Noticed rbyellow5's ghost (journeyman OpFi)
 13566 | D:10     | Found a staircase to the Orcish Mines.
 13575 | D:10     | Learned a level 3 spell: Stone Arrow
 13582 | Orc:1    | Entered Level 1 of the Orcish Mines
 13624 | Orc:1    | Reached ** piety under Vehumet
 13627 | Orc:1    | Offered knowledge of Mercury Vapours by Vehumet.
 13628 | Orc:1    | Noticed an orc sorcerer
 13826 | Orc:1    | Killed an orc sorcerer
 14010 | Orc:1    | Reached skill level 10 in Spellcasting
 14115 | Orc:1    | Noticed an orc sorcerer
 14121 | Orc:1    | Killed an orc sorcerer
 14199 | Orc:2    | Entered Level 2 of the Orcish Mines
 14307 | Orc:2    | Offered knowledge of Hailstorm by Vehumet.
 14308 | Orc:2    | Reached XP level 12. HP: 75/88 MP: 26/26
 14800 | Orc:2    | Found a staircase to the Elven Halls.
 14801 | Orc:2    | Found Xix Siun's Antique Weapon Emporium.
 14801 | Orc:2    | Noticed an orc high priest
 14806 | Orc:2    | Noticed an orc high priest
 14812 | Orc:2    | Noticed a soul eater
 14817 | Orc:2    | Noticed a soul eater
 14817 | Orc:2    | Killed an orc high priest
 15259 | Orc:2    | Noticed an orc high priest
 15323 | Orc:2    | Killed an orc high priest
 15686 | Orc:2    | Found Ykkusek's Jewellery Emporium.
 15709 | Orc:2    | Noticed an orc warlord
 15726 | Orc:2    | Killed an orc warlord
 15996 | Orc:2    | Noticed an orc high priest
 16003 | Orc:2    | Killed an orc high priest
 16510 | Orc:2    | Found Irergh Meisog's General Store.
 16544 | Orc:2    | Killed an orc high priest
 16839 | Orc:2    | Found Liehee's Antique Armour Shoppe.
 16906 | Orc:2    | Reached *** piety under Vehumet
 17038 | Orc:1    | Reached skill level 1 in Fighting
 17040 | Orc:1    | HP: 2/91 [kobold blastminer/bolt (13)]
 17420 | D:10     | Gained mutation: You can use your snake-like lower body to
                  | constrict enemies. [Naga growth]
 17420 | D:10     | Reached XP level 13. HP: 87/100 MP: 13/27
 17640 | D:10     | Found an ancient bone altar of Kikubaaqudgha.
 17670 | D:10     | Offered knowledge of Sticky Flame by Vehumet.
 17894 | D:10     | Found a shadowy altar of Dithmenos.
 17899 | D:10     | Found a staircase to the Lair.
 18255 | D:10     | Found a stormy altar of Qazlal.
 18691 | D:11     | Identified the +3 ring mail of the Moneychanger {rC+ rCorr}
 18736 | D:11     | Identified a scroll of acquirement
 18738 | D:11     | Acquired 590 gold pieces
 18752 | D:11     | Found Imyawn's Assorted Antiques.
 18758 | D:11     | Bought a scroll of identify for 68 gold pieces
 18758 | D:11     | Bought a scroll of identify for 68 gold pieces
 18983 | D:11     | Reached skill level 5 in Fighting
 19073 | D:11     | Found a runed translucent gate.
 19073 | D:11     | Found a runed translucent gate.
 19073 | D:11     | Found a runed translucent gate.
 19079 | D:11     | Noticed Arkalis's ghost (journeyman CoCK)
 19744 | D:12     | Found an iron altar of Okawaru.
 19842 | D:12     | Found Ciurr's Assorted Antiques.
 19866 | D:12     | Bought a faintly humming helmet for 275 gold pieces
 19866 | D:12     | Identified the +1 helmet of Action {rPois Will+} (You
                  | bought it in a shop on level 12 of the Dungeon)
 19879 | D:12     | Bought a runed helmet for 217 gold pieces
 21202 | D:13     | Found a gate to the Vaults.
 21202 | D:13     | Noticed an ironbound preserver
 21211 | D:13     | Reached **** piety under Vehumet
 21233 | D:13     | Killed an ironbound preserver
 21623 | D:13     | Reached skill level 5 in Dodging
 21623 | D:13     | Reached XP level 14. HP: 114/126 MP: 22/28
 22383 | D:14     | Offered knowledge of Frozen Ramparts by Vehumet.
 23130 | D:15     | Entered Level 15 of the Dungeon
 23367 | D:15     | Noticed Urug
 23372 | D:15     | Noticed Erica
 23602 | D:15     | Noticed Louise
 23609 | D:15     | Killed Urug
 23828 | D:15     | Killed Louise
 23830 | D:15     | HP: 5/130 [hell knight/+1 glaive (25)]
 24138 | D:15     | Killed Erica
 24651 | D:15     | Reached skill level 10 in Fighting
 24826 | Lair:1   | Entered Level 1 of the Lair of Beasts
 25330 | Lair:1   | Reached ***** piety under Vehumet
 25421 | Lair:1   | Offered knowledge of Fireball by Vehumet.
 26101 | Lair:2   | Reached skill level 15 in Fire Magic
 26106 | Lair:2   | Reached skill level 15 in Conjurations
 26343 | Lair:2   | Found a dark tunnel.
 26357 | Lair:2   | Learned a level 5 spell: Fireball
 26359 | Volcano  | Entered a volcano
 26642 | Volcano  | Learned a level 5 spell: Freezing Cloud
 26697 | Volcano  | Found a burning altar of Makhleb.
 27218 | Lair:2   | Reached XP level 15. HP: 102/142 MP: 15/29
 27444 | Lair:2   | Found a hole to the Spider Nest.
 27486 | Lair:2   | Found a staircase to the Shoals.
 28518 | Lair:3   | Reached skill level 1 in Shields
 28680 | Lair:3   | Offered knowledge of Spellforged Servitor by Vehumet.
 29855 | Lair:4   | Noticed Snorg
 29872 | Lair:4   | Killed Snorg
 29879 | Lair:4   | Slain by a death yak

Illustrated notes

Levels and vault maps discovered:
D:1:      psy_arrival_terrarium, layout_loops_corners
D:2:      layout_basic, serial_shops, nicolae_lakefront_shop, minmay_cut_off,
          uniq_natasha
D:3:      layout_basic, grunt_decor_cap
D:4:      layout_basic, regret_index_xom_buried_treasure,
          nicolae_ossuary_entry_ruins, minmay_manual_mail
D:5:      layout_loops_cross, yredelemnul_altar_generic,
          minmay_hollow_rounded_squares
D:6:      layout_loops_ring, mainiacjoe_overflow_alcove_2, temple_fountains,
          uniq_menkaure
D:7:      layout_rooms, fiery_altar_vehumet, nicolae_island_escapes
D:8:      layout_rooms, nicolae_overflow_hidden_temple, enter_bailey_5
D:9:      layout_rooms, nicolae_overflow_crystal_walls, serial_shops, shop,
          chequers_serial_rivers_small_3, skrybe_limestone_x
D:10:     dragon1_lemuel, layout_rooms, nicolae_qazlal_style_of_elements,
          kennysheep_mini_moat, mainiacjoe_overflow_six_doors_small,
          dpeg_lair_monsters, zombieorc2_lemuel, ebering_ghost_disaster_area,
          special_room [special_room_bee], st_stairs_5, nrook_campfire
D:11:     layout_loops_ring, serial_shops, nicolae_shop_trees,
          gammafunk_ghost_necromancy
D:12:     layout_cave_pods, serial_shops, shop, okawaru_gym_becter
D:13:     hellmonk_ruined_rings, layout_loops_ring,
          skrybe_vaults_entry_preservation
D:14:     layout_long_grid, nicolae_figureground_pulse
D:15:     hangedman_depths_entry_try_elsewhere_first, layout_basic,
          chequers_serial_rivers_micro_e, minmay_misc_feat_roman,
          minmay_misc_feat_cross, sword_in_stone
Temple:   nicolae_temple_bog_church
Lair:1:   layout_long_grid, serial_bayou_pond_e, minmay_hedge_maze
Lair:2:   layout_small_grid, elwin_shoals_entry_rooms,
          nicolae_spider_entry_tight_spaces, enter_volcano_2, pond
Lair:3:   layout_chaotic_city
Lair:4:   layout_cave_pods, nicolae_slime_entry_slimehenge,
          gauntlet_entry_generic, grunt_megastairs_5, lemuel_fruit_tree,
          uniq_snorg
Orc:1:    layout_caves
Orc:2:    grunt_orc_gardens, layout_caves, grunt_orc_garden, grunt_orc_garden,
          grunt_orc_garden, grunt_orc_garden

Skill      XL: |  1  2  3  4  5  6  7  8  9 10 11 12 13 14 15 |
---------------+----------------------------------------------+-----
Conjurations   | 2 3 4 5 6 8 9 11 13 14 15 | 15.5
Spellcasting   | 3 4 6 7 8 10 | 10.0
Fire Magic     | 4 5 6 8 9 11 13 14 15 | 15.6
Fighting       | 2 8 11 12 | 12.3
Dodging        | 2 5 6 7 |  7.6
Shields        | 2 |  2.8
Stealth        | |  3.0

Action                     |  1- 3 |  4- 6 |  7- 9 | 10-12 | 13-15 || total
---------------------------+-------+-------+-------+-------+-------++-------
  Melee: Spear             |     7 |       |     4 |     5 |       ||    16
         Staff             |     4 |     5 |       |       |    22 ||    31
         Constrict         |       |       |       |       |     8 ||     8
   Fire: Sling             |       |    77 |     5 |       |       ||    82
         Arbalest          |       |       |       |    72 |       ||    72
   Cast: Foxfire           |    42 |    49 |   202 |   214 |   115 ||   622
         Scorch            |     3 |    12 |    38 |    48 |    15 ||   116
         Flame Wave        |       |       |    18 |    40 |    45 ||   103
         Iskenderun's Myst |       |       |       |    17 |    21 ||    38
         Stone Arrow       |       |       |       |    38 |   156 ||   194
         Starburst         |       |       |       |    32 |   106 ||   138
         Fireball          |       |       |       |       |    58 ||    58
         Freezing Cloud    |       |       |       |       |     4 ||     4
Ability: Spit Poison       |    15 |     6 |    12 |     4 |     2 ||    39
  Evoke: Box of beasts     |       |       |     1 |     1 |     1 ||     3
         Wand              |       |       |       |    10 |     3 ||    13
    Use: Scroll            |       |     6 |     7 |     5 |    17 ||    35
         Potion            |       |     3 |     4 |     2 |     4 ||    13
   Stab: Sleeping          |       |       |       |       |     1 ||     1
 Armour: Robe              |    10 |    39 |    74 |    39 |       ||   162
         Steam dragon scal |       |       |       |   155 |       ||   155
         Leather armour    |       |       |       |       |   246 ||   246
  Dodge: Dodged            |     7 |    25 |    45 |   131 |   190 ||   398

Table legend: (Time is in decaauts)
 A = Elapsed time spent in this place.
 B = Non-inter-level travel time spent in this place.
 C = Inter-level travel time spent in this place.
 D = Time resting spent in this place.
 E = Time spent auto-exploring this place.
 F = Levels seen in this place.
 G = Mean time per level.
                   A        B        C        D        E       F      G
               +--------+--------+--------+--------+--------+-----+--------+
         Total |  36117 |  34598 |   1519 |   9626 |  17581 |  25 | 1444.7 |
       Dungeon |  24501 |  23141 |   1360 |   5814 |  12918 |  15 | 1633.4 |
        Temple |      1 |      1 |      0 |      0 |      0 |   1 |    1.0 |
          Lair |   5285 |   5223 |     62 |   1037 |   3323 |   4 | 1321.2 |
  Orcish Mines |   3913 |   3817 |     96 |   1920 |   1153 |   2 | 1956.5 |
       Ossuary |    748 |    748 |      0 |    212 |     25 |   1 |  748.0 |
        Bailey |    854 |    854 |      0 |    430 |      0 |   1 |  854.0 |
       Volcano |    813 |    813 |      0 |    211 |    160 |   1 |  813.0 |
               +--------+--------+--------+--------+--------+-----+--------+

Top non-repeatable levels by time:
     D:5: 2777 daAuts
   Orc:2: 2562 daAuts
  Lair:2: 2294 daAuts
    D:10: 2034 daAuts
     D:9: 1997 daAuts
     D:4: 1830 daAuts
     D:2: 1678 daAuts
    D:11: 1670 daAuts
    D:15: 1666 daAuts
    D:14: 1556 daAuts
  Lair:1: 1554 daAuts
    D:13: 1463 daAuts
     D:6: 1442 daAuts
    D:12: 1414 daAuts
     D:3: 1368 daAuts
